Map: Efflorescence LE

Players

fAbO

  • Race: Protoss Protoss
  • League: Diamond
  • Spawn Location: 12:00

Cholo

  • Race: Protoss Protoss
  • League: Silver
  • Spawn Location: 3:00

OpuS - Winner!

  • Race: Protoss Protoss
  • League: Platinum
  • Spawn Location: 6:00

Sketchaphone - Winner!

  • Race: Zerg Zerg
  • League: Platinum
  • Spawn Location: 9:00

VOD

Have the link to the VOD?

Description

Time

  • Played on: Feb. 12, 2019, 8:31 p.m.
  • Length: 15:36
Show
View Real Time Build Order
Export as new Build Order

fAbO Protoss 

Build Orders: Blink Stalkers 

Get SALT Encoding   

  12  0:01  Probe  
  13  0:14  Pylon, Probe  
  14  0:23  Probe  
  15  0:32  Probe  
  16  0:39  Gateway  
  16  0:44  Probe  
  16  0:47  Assimilator  
  17  0:57  Probe  
  18  0:59  Assimilator  
  18  1:03  Pylon  
  18  1:13  Probe  
  19  1:25  Probe  
  19  1:30  Cybernetics Core  
  19  1:31  Gateway  
  20  1:38  Probe  
  21  1:53  Pylon, Probe  
  22  2:05  Probe  
  23  2:09  Twilight Council, Warp Gate  
  23  2:13  Stalker  
  23  2:15  Blink  
  25  2:19  Probe  
  26  2:34  Gateway  
  26  2:49  Gateway  
  26  2:51  Stalker  
  28  2:58  Pylon  
  28  3:07  Stalker  
  30  3:26  Gateway  
  30  3:51  Pylon  
  30  4:01  Stalker x3  
  36  4:03  Stalker  
  38  4:15  Gateway  
  38  4:16  Charge  
  38  4:22  Pylon  
  38  4:38  Stalker x2  
  42  5:07  Forge  
  41  5:35  Nexus  
  39  6:07  Pylon  
  39  6:09  Pylon  
  39  6:10  Pylon  
  39  6:11  Pylon  
  39  6:13  Pylon  
  39  6:35  Stalker  
  39  6:36  Stalker x4  
  49  6:44  Templar Archives  
  49  7:21  Stalker x4, Psionic Storm  
  57  8:02  High Templar x2  
  57  8:05  Probe  
  62  8:14  Probe  
  62  8:15  High Templar  
  65  8:20  Probe  
  65  8:22  Probe  
  67  8:28  Probe  
  67  8:31  Probe  
  68  8:35  Assimilator  
  68  8:39  Assimilator  
  69  8:43  Probe  
  69  8:46  High Templar  
  69  8:47  Zealot x2  
  76  8:56  Probe  
  77  9:07  Protoss Ground Weapons Level 1  
  77  9:09  Forge  
  77  9:12  Gateway  
  77  9:17  Pylon  
  77  9:23  High Templar  
  79  9:24  Zealot  
  79  9:25  Zealot  
  83  9:45  Robotics Facility  
  82  9:47  Probe  
  83  9:59  Stalker x2  
  88  10:00  Stalker, Probe  
  90  10:12  Probe  
  54  10:39  Zealot x5  
  54  10:40  Zealot  
  64  10:43  Observer  
  63  11:00  Warp Prism  
  65  11:22  Robotics Facility  
  65  11:23  Probe  
  65  11:24  Stalker x4  
  74  11:28  High Templar x2  
  78  11:36  Pylon  
  78  11:40  Pylon  
  78  11:54  Probe  
  79  12:27  Nexus  
  79  12:30  Immortal  
  79  12:37  Pylon, High Templar x4  
  79  12:40  Pylon  
  91  12:58  Pylon  
  42  13:55  Probe  
  42  14:01  Pylon  
  42  14:04  Pylon  
  42  14:07  Pylon, Probe  
  43  14:12  Pylon  
  43  14:16  Pylon  
  43  14:19  Probe  
  44  14:26  Observer x2  
  44  14:27  Probe  
  44  14:28  Probe  
  47  14:35  Probe  
  47  14:37  Probe  
  47  14:38  Cybernetics Core  
  48  14:45  Probe  
  50  14:46  Probe  
  52  14:54  High Templar x2  
  52  14:57  Probe  
  52  14:58  Archon, Probe  
  58  15:09  Probe  
  58  15:10  Probe  
Show
View Real Time Build Order
Export as new Build Order

Cholo Protoss 

Build Orders: Dark Templar Rush 

Get SALT Encoding   

  12  0:05  Probe  
  13  0:21  Probe  
  13  0:23  Pylon  
  14  0:29  Probe  
  15  0:43  Gateway  
  15  0:49  Assimilator  
  15  0:52  Probe  
  15  0:55  Assimilator  
  16  1:00  Probe  
  16  1:08  Probe  
  18  1:18  Probe  
  19  1:30  Probe  
  20  1:39  Cybernetics Core  
  20  1:42  Probe  
  20  1:45  Zealot  
  23  2:01  Pylon  
  23  2:05  Warp Gate  
  23  2:19  Probe  
  24  2:24  Twilight Council  
  24  2:30  Gateway  
  24  2:31  Probe  
  24  2:35  Gateway  
  25  2:41  Pylon  
  25  3:00  Gateway  
  25  3:22  Probe  
  26  3:28  Dark Shrine  
  26  3:32  Pylon  
  26  3:50  Gateway  
  26  4:18  Pylon  
  26  4:34  Shield Battery  
  18  4:46  Dark Templar x5  
  28  5:20  Dark Templar  
  30  5:23  Dark Templar  
  30  5:26  Zealot x2  
  24  6:00  Probe  
  23  6:08  Probe  
  23  6:17  Stalker x2  
  23  6:18  Zealot, Probe  
  25  6:30  Probe  
  26  6:42  Probe  
  26  6:45  Stalker  
  26  6:46  Stalker  
  31  6:54  Probe  
  30  7:06  Probe  
  25  7:18  Probe  
  24  7:25  Dark Templar  
  26  7:30  Dark Templar  
  28  7:43  Stalker  
  30  7:44  Zealot  
  27  8:41  Nexus  
  27  8:45  Assimilator  
  27  8:49  Assimilator  
  27  8:54  Pylon  
  27  9:14  Stargate  
  27  9:16  Stargate  
  27  9:19  Pylon  
  27  9:21  Pylon  
  27  9:28  Probe  
  27  9:40  Probe  
  28  9:49  Probe  
  28  9:52  Probe  
  29  9:57  Void Ray  
  29  9:58  Probe  
  30  10:02  Void Ray  
  31  10:07  Probe  
  40  10:19  Probe  
  37  10:40  Void Ray  
  29  11:23  Void Ray x2  
  29  11:29  Probe  
  38  12:01  Probe  
  38  12:06  Void Ray  
  39  12:09  Probe, Void Ray  
  44  12:19  Probe  
  49  12:31  Probe  
  50  12:43  Probe  
  50  13:35  Void Ray x2  
  47  14:17  Void Ray  
  47  14:18  Void Ray  
  55  14:24  Probe  
  56  14:32  Probe  
  57  14:42  Probe  
  30  14:54  Probe  
  30  15:06  Probe  
  39  15:11  Probe  
Show
View Real Time Build Order
Export as new Build Order

OpuS Protoss - Winner!

Build Orders: 1 Gate Expand, Oracle Opening 

Get SALT Encoding   

  12  0:01  Probe  
  13  0:13  Probe  
  14  0:19  Pylon  
  14  0:25  Probe  
  15  0:38  Gateway  
  15  0:39  Probe  
  15  0:47  Probe  
  16  0:50  Assimilator  
  17  0:57  Probe  
  18  1:12  Probe  
  19  1:20  Probe  
  19  1:25  Cybernetics Core  
  20  1:41  Nexus  
  20  1:45  Probe  
  21  1:52  Pylon  
  21  2:01  Warp Gate  
  21  2:03  Stalker  
  23  2:13  Probe  
  23  2:16  Assimilator  
  23  2:21  Probe  
  25  2:31  Probe  
  25  2:33  Zealot  
  27  2:44  Gateway  
  27  2:48  Stargate  
  27  2:50  Probe  
  28  2:53  Probe  
  29  3:01  Zealot  
  31  3:09  Gateway  
  31  3:13  Probe  
  31  3:15  Probe  
  33  3:24  Oracle  
  33  3:36  Pylon  
  33  3:38  Pylon, Probe  
  33  3:39  Probe  
  38  3:53  Stalker  
  38  3:54  Stalker  
  42  4:00  Shield Battery  
  42  4:02  Void Ray  
  46  4:20  Shield Battery  
  46  4:31  Stalker x2  
  46  4:33  Stalker  
  50  4:46  Forge  
  47  4:54  Robotics Facility  
  47  5:01  Zealot x2  
  47  5:05  Shield Battery  
  51  5:22  Pylon  
  51  5:24  Photon Cannon  
  51  5:28  Photon Cannon  
  51  5:49  Zealot x3  
  57  5:59  Probe x2  
  57  6:01  Pylon, Robotics Facility  
  59  6:11  Pylon  
  57  6:13  Pylon  
  57  6:19  Probe  
  57  6:20  Probe  
  58  6:34  Probe x2  
  58  6:36  Void Ray  
  64  6:40  Photon Cannon  
  64  6:46  Probe x2  
  64  7:15  Probe  
  64  7:16  Probe  
  64  7:19  Void Ray  
  64  7:21  Gateway  
  64  7:22  Gateway  
  70  7:24  Gateway  
  70  7:29  Observer, Stargate  
  71  7:36  Probe x2  
  69  7:48  Probe  
  69  7:50  Observer  
  57  8:04  Void Ray  
  61  8:06  Zealot x3  
  61  8:11  Twilight Council  
  57  8:15  Probe x2  
  57  8:17  Assimilator  
  59  8:20  Pylon  
  59  8:22  Assimilator  
  59  8:35  Pylon  
  59  8:36  Pylon  
  59  8:40  Pylon  
  59  8:45  Void Ray  
  59  8:47  Charge, Void Ray  
  59  8:48  Zealot x4  
  73  8:49  Zealot  
  77  8:57  Photon Cannon  
  77  9:01  Photon Cannon  
  77  9:10  Observer  
  78  9:19  Zealot x3  
  84  9:48  Nexus, Void Ray  
  88  10:00  Void Ray  
  76  10:31  Void Ray  
  76  10:34  Pylon  
  60  10:42  Void Ray  
  64  10:54  Protoss Air Weapons Level 1  
  64  10:57  Probe  
  64  10:58  Probe  
  64  11:03  Void Ray  
  64  11:09  Probe  
  64  11:10  Probe x2  
  65  11:15  Void Ray  
  69  11:20  Stargate  
  69  11:21  Probe  
  69  11:22  Probe  
  71  11:26  Stargate  
  71  11:32  Protoss Shields Level 1  
  75  11:37  Probe x3  
  78  11:42  Cybernetics Core  
  78  11:46  Void Ray  
  82  11:52  Probe x3  
  85  11:57  Zealot  
  85  11:58  Zealot  
  89  12:04  Probe  
  89  12:06  Void Ray  
  94  12:09  Probe x2  
  94  12:12  Oracle  
  99  12:16  Probe  
  99  12:21  Observer  
  101  12:35  Probe x2  
  101  12:36  Probe  
  104  12:38  Zealot x4  
  104  12:39  Zealot x2  
  104  12:42  Observer  
  104  12:43  Assimilator  
  117  12:48  Assimilator  
  117  12:53  Void Ray x2  
  125  13:03  Observer  
  126  13:13  Void Ray  
  126  13:36  Void Ray  
  130  13:49  Void Ray  
  130  13:52  Void Ray  
  130  13:59  Zealot  
  133  14:08  Pylon x2  
  133  14:10  Pylon  
  133  14:12  Pylon x2  
  133  14:13  Pylon  
  133  14:15  Pylon  
  133  14:19  Void Ray  
  132  14:29  Gateway  
  136  14:31  Zealot x3  
  136  14:33  Gateway  
  136  14:37  Pylon  
  142  14:39  Pylon  
  142  14:55  Fleet Beacon  
  142  14:59  Stargate  
  144  15:02  Stargate  
Show
View Real Time Build Order
Export as new Build Order

Sketchaphone Zerg - Winner!

Build Orders: Hatch First 

Get SALT Encoding   

  12  0:01  Drone  
  13  0:12  Overlord  
  13  0:22  Drone  
  13  0:24  Extractor  
  13  0:25  Drone  
  15  0:31  Drone  
  15  0:34  Drone  
  17  0:55  Hatchery  
  16  1:00  Drone  
  17  1:07  Drone, Extractor  
  17  1:24  Spawning Pool  
  16  1:27  Drone x2  
  16  1:31  Drone  
  19  1:39  Drone  
  20  1:51  Drone  
  21  2:00  Overlord  
  21  2:10  Queen  
  21  2:12  Queen  
  21  2:14  Metabolic Boost  
  25  2:33  Zergling x2  
  25  2:36  Drone  
  27  2:38  Drone  
  27  2:39  Drone x3  
  31  2:57  Queen  
  33  3:03  Hatchery  
  33  3:04  Overlord  
  32  3:34  Evolution Chamber  
  32  3:39  Spine Crawler  
  32  3:41  Roach Warren  
  29  3:42  Drone x7  
  29  3:48  Drone, Extractor  
  36  4:12  Overlord  
  36  4:13  Overlord  
  36  4:16  Overlord  
  36  4:24  Zerg Ground Armor Level 1  
  36  4:26  Roach x3  
  36  4:27  Overlord  
  42  4:34  Roach x3  
  48  4:45  Lair  
  48  4:51  Spore Crawler  
  47  4:54  Spore Crawler  
  47  4:55  Roach  
  47  4:56  Roach x2  
  52  5:05  Overlord  
  52  5:06  Roach  
  54  5:13  Roach x2  
  56  5:20  Roach x2  
  43  5:37  Roach x4  
  43  5:40  Drone  
  52  5:48  Overseer  
  52  5:51  Roach, Drone  
  52  5:52  Drone  
  52  5:55  Drone  
  58  5:57  Drone  
  58  6:11  Pneumatized Carapace  
  58  6:21  Zergling x16  
  65  6:49  Overlord  
  65  6:54  Overlord  
  65  7:07  Overlord  
  64  7:12  Queen  
  64  7:13  Overlord  
  64  7:14  Overlord  
  63  7:16  Overlord  
  63  7:17  Drone  
  64  7:25  Zergling x4  
  66  7:33  Overseer  
  66  7:35  Roach x2  
  66  7:36  Roach x7  
  84  7:56  Zergling x18  
  91  8:01  Tunneling Claws  
  91  8:04  Spire  
  80  8:12  Drone x4  
  84  8:13  Overlord  
  84  8:22  Queen  
  86  8:30  Overlord  
  86  8:31  Drone x4  
  90  8:39  Overlord  
  90  8:42  Drone x4  
  90  8:48  Queen  
  96  8:56  Zergling x2  
  96  8:58  Zergling x2  
  96  8:59  Zergling x2  
  96  9:00  Zergling x2  
  96  9:01  Overlord x2  
  100  9:10  Roach x3  
  100  9:11  Ravager x4  
  110  9:21  Roach x4  
  118  9:26  Extractor  
  118  9:27  Extractor  
  116  9:53  Drone  
  116  9:54  Drone x4  
  116  9:57  Overlord, Zergling x2  
  122  10:00  Zerg Flyer Weapons Level 1  
  122  10:03  Zerg Melee Weapons Level 1  
  122  10:04  Zergling x2  
  122  10:05  Zergling x10  
  106  10:34  Zergling x26  
  107  10:55  Zergling x10  
  104  11:01  Corruptor  
  103  11:04  Mutalisk  
  103  11:10  Extractor  
  101  11:11  Extractor  
  100  11:22  Hatchery  
  100  11:25  Overlord  
  99  11:37  Hatchery  
  99  11:38  Drone x5  
  103  11:43  Queen  
  102  11:47  Overlord  
  102  11:50  Roach  
  102  11:51  Roach x8  
  102  11:52  Roach  
  121  12:03  Roach  
  121  12:04  Mutalisk x3  
  121  12:08  Drone x2  
  131  12:16  Glial Reconstitution  
  131  12:21  Overseer  
  131  12:22  Ravager  
  131  12:24  Overseer  
  131  12:27  Mutalisk x3  
  137  12:39  Mutalisk  
  137  12:40  Mutalisk x2  
  143  12:48  Mutalisk x2  
  143  12:51  Mutalisk  
  135  13:18  Mutalisk x5  
  136  13:33  Roach  
  136  13:34  Roach x8  
  125  13:48  Drone x5  
  128  13:49  Drone  
  128  13:50  Nydus Network  
  128  13:51  Drone  
  128  13:52  Drone, Extractor  
  131  14:14  Mutalisk x4  
  137  14:27  Zergling x2  
  138  14:32  Infestation Pit  
  138  14:35  Roach x2  
  138  14:36  Overlord x2  
  138  14:37  Drone  
  141  14:50  Evolution Chamber  
  140  15:08  Nydus Canal  
  140  15:16  Roach x5  
  140  15:17  Roach x3  
  140  15:20  Drone  
Tags
 
Add a new tag
Caveats
  • Supply blocks, unpowered buildings, or Contaminate may cause inaccurate times.
  • Supply counts are checked every 10 seconds.